 Dungeon Crawl Stone Soup version 0.30-a0-4-ga7cffc901d (webtiles) character file.

Game seed: 18003957216639157747

32 Flugkiller the Covered (level 3, -2/33 HPs)
             Began as a Minotaur Fighter on Aug 21, 2022.
             Slain by Sigmund
             ... wielding a +0 scythe
              (3 damage)
             ... on level 2 of the Dungeon.
             The game lasted 00:00:50 (1062 turns).

Flugkiller the Covered (Minotaur Fighter)           Turns: 1062, Time: 00:00:51

Health: -2/33      AC:  9    Str: 20    XL:     3   Next: 10%
Magic:  2/2        EV:  7    Int:  5    God:
Gold:   59         SH:  0    Dex: 11    Spells: 2/2 levels left

rFire   . . .      SeeInvis .    a - +0 war axe
rCold   . . .      Faith    .    c - +0 buckler
rNeg    . . .      Spirit   .    h - +0 chain mail
rPois   .          Reflect  .    (helmet restricted)
rElec   .          Harm     .    (no cloak)
rCorr   .          Rampage  .    (no gloves)
Will    .....                    (no boots)
Stlth   ..........               (no amulet)
HPRegen 0.11/turn                (no ring)
MPRegen 0.08/turn                (no ring)

@: confused
A: horns 2, retaliatory headbutt
a: no special abilities


You were on level 2 of the Dungeon.
You visited 1 branch of the dungeon, and saw 2 of its levels.

You collected 59 gold pieces.

Inventory:

Hand Weapons
 a - a +0 war axe (weapon)
Armour
 b - a +0 scale mail
 c - a +0 buckler (worn)
 h - a +0 chain mail (worn)
   (You found it on level 1 of the Dungeon)
Scrolls
 f - a scroll of butterflies {unknown}
 g - a scroll of amnesia {unknown}
 i - a scroll of enchant weapon {unknown}
 k - a scroll of silence {unknown}
Potions
 d - a potion of might
 e - a potion of haste {unknown}
 j - a potion of brilliance {unknown}


   Skills:
 + Level 4.0 Fighting
 * Level 3.5 Axes
 + Level 4.1 Armour
 - Level 3.6 Shields


You had 2 spell levels left.
You didn't know any spells.
Your spell library was empty.

Dungeon Overview and Level Annotations

Branches:
Dungeon (2/15)

Altars:

Shops:
D:1 !=!

Annotations:
D:2 Sigmund


Innate Abilities, Weirdness & Mutations

You have a pair of horns on your head.
You reflexively headbutt those who attack you in melee.


Message History

No target in view!
No target in view!
j - a cyan potion
Found a stone staircase leading down.
There is an escape hatch in the ceiling here.
An endoplasm comes into view.
The endoplasm quivers.
An endoplasm is nearby!
An endoplasm comes into view.
Found 8 stones.
Found a stone staircase leading down.
The endoplasm quivers.
The endoplasm hits you but does no damage.
You hit the endoplasm but do no damage. The endoplasm freezes you.
You are frozen.
You hit the endoplasm. You headbutt the endoplasm.
You kill the endoplasm!
The endoplasm freezes you.
You are frozen.
You hit the endoplasm.
The endoplasm is moderately wounded.
The endoplasm freezes you.
You are frozen.
You slash the endoplasm!
You kill the endoplasm!
You have reached level 3!
Your experience leads to an increase in your attributes!
Increase (s)trength, (i)ntelligence, or (d)exterity?
You feel agile. x2
A giant cockroach comes into view.
A giant cockroach is nearby!
A giant cockroach is nearby!
A giant cockroach is nearby!
You see here 3 gold pieces.
You slash the giant cockroach!
You kill the giant cockroach!
A giant cockroach comes into view.
The giant cockroach bites you but does no damage.
You see here 8 stones.
You slash the giant cockroach!
You kill the giant cockroach!
No target in view!
No target in view!
HP restored.
You now have 59 gold pieces (gained 3).
k - a scroll labelled CATUGADDUY Sigmund the Dreaded comes into view.
He is wielding a +0 scythe.
Found a scroll labelled DEWKETUSIFF.
Sigmund shouts!
Sigmund is nearby!
Sigmund is nearby!
Sigmund casts a spell at you.
You are confused.
You are too confused!
You are too confused!
Unknown command.
Sigmund gestures wildly while chanting.
Sigmund flickers and vanishes!
Deactivating autopickup; reactivate with Ctrl-A.
Something tries to affect you, but you resist.
You're too confused to move!
You feel less confused.
A puff of flame appears from out of thin air!
The puff of flame hits you.
A puff of flame appears from out of thin air!
The puff of flame misses you.
Something tries to affect you, but you resist.
Found 2 fizzy black potions.
You see here 2 fizzy black potions.
Found a dark potion.
You start resting.
A goblin comes into view. It is wielding a +0 mace.
The goblin shouts!
A puff of flame appears from out of thin air!
The puff of flame hits you but does no damage.
Something hits you!
You see here 2 fizzy black potions.
No target in view!
You closely miss something. Your headbutt misses something. Something hits you.
You barely miss something. Something hits you.
You slash something! Something hits you!
* * * LOW HITPOINT WARNING * * *
You miss something. Something hits you.
* * * LOW HITPOINT WARNING * * *
You slash something! You closely miss the goblin.
You block the goblin's attack.
You hear some strange, mumbled words.
You are confused.
The goblin hits you with a +0 mace.
* * * LOW HITPOINT WARNING * * *
You completely miss something. You miss the goblin.
Something hits you but does no damage. The goblin hits you but does no damage.
You hit something. You hit the goblin.
You kill the goblin!
You hear some strange, mumbled words.
You are more confused.
You bump into the rock wall.
Something hits you.
* * * LOW HITPOINT WARNING * * *
You bump into the rock wall.
Something hits you.
You die...

...##...###.............(†..#
...##...####.#####...#####......
...##.....##.# #.........####.
######..#.##.# #...#####.
#.......# #...# #..#.####
###...# #..#.# #.....# ####.#
#{#..># #.######@##### ...
...#)# #.#####.#.# #..g......#
.##..#.#..# #! #.#.## ...##
.###. .. #.


There were no monsters in sight!

Vanquished Creatures
  2 ball pythons (D:1)
  4 bats (D:1)
  3 endoplasms
  4 giant cockroaches
  2 goblins
  4 jackals (D:1)
  2 quokkas (D:1)
  4 frilled lizards
  A kobold (D:1)
  3 rats (D:1)
29 creatures vanquished.

Notes
Turn   | Place    | Note
-------+----------+-------------------------------------------
     0 | D:1      | Flugkiller the Minotaur Fighter began the quest for the
                  | Orb.
     0 | D:1      | Reached XP level 1. HP: 19/19 MP: 0/0
    22 | D:1      | Found Koan's Jewellery Boutique.
   260 | D:1      | Found Ycocuynn's Distillery.
   286 | D:1      | Reached XP level 2. HP: 27/27 MP: 1/1
   348 | D:1      | Found a faded altar of an unknown god.
   401 | D:1      | Found Segeqoj's Distillery.
   932 | D:2      | Reached XP level 3. HP: 23/33 MP: 2/2
  1028 | D:2      | Noticed Sigmund
  1061 | D:2      | HP: 1/33 [something (3)]
  1062 | D:2      | Slain by Sigmund

Illustrated notes

Levels and vault maps discovered:
D:1:      amcnicky_arrival_choice, layout_basic, nicolae_ecumenical_lake_church,
          serial_shops, nicolae_shop_stone, shop, shop, minivault_27
D:2:      layout_loops_cross, skrybe_limestone_x, uniq_sigmund

Skill      XL: |  1  2 |
---------------+-------+-----
Axes           | 3 |  3.5
Fighting       | 4 |  4.0
Armour         | 4 |  4.1
Shields        | |  3.6

Action                   || total
-------------------------++-------
Melee: War axe           ||    46
       Headbutt          ||     5
Armor: Scale mail        ||    16
       Chain mail        ||     7
Dodge: Dodged            ||    14
Block: Buckler           ||     9

Table legend: (Time is in decaauts)
 A = Elapsed time spent in this place.
 B = Non-inter-level travel time spent in this place.
 C = Inter-level travel time spent in this place.
 D = Time resting spent in this place.
 E = Time spent auto-exploring this place.
 F = Levels seen in this place.
 G = Mean time per level.
                   A        B        C        D        E       F      G
               +--------+--------+--------+--------+--------+-----+--------+
         Total |   1083 |   1052 |     31 |      0 |    839 |   2 |  541.5 |
       Dungeon |   1083 |   1052 |     31 |      0 |    839 |   2 |  541.5 |
               +--------+--------+--------+--------+--------+-----+--------+

Top non-repeatable levels by time:
     D:1: 900 daAuts
     D:2: 182 daAuts
